TOP OF THE 1ST |
Blueville 83's batting - Pitching for Chattanooga Chinpokomon : RHP Tomás González
|
Pitching: RHP Tomás González
|
|
Batting: RHB Matt Perkins
|
0-0: Fly out, F5 (Popup, 5L)
|
Batting: LHB Roberto Trujillo
|
0-0: Ball 1-0: Ball 2-0: Called Strike 2-1: Ball 3-1: Ground out 4-3 (Groundball, 34)
|
Batting: LHB Felipe Cruz
|
0-0: SOLO HOME RUN (Flyball, 9D), Distance : 375 ft
|
Batting: SHB Tim Reid
|
0-0: Reached on error, E6 (Groundball, 6)
|
Batting: LHB Ricardo Romero
|
0-0: Ball 1-0: Ball 2-0: Called Strike 2-1: SINGLE (Flyball, 6MD) Tim Reid to third Runner from 3rd tries for Home, SAFE, no throw
|
Batting: LHB Vincente Sáenz
|
0-0: Ball 1-0: Ball 2-0: Foul Ball, location: 2F 2-1: Foul Ball, location: 2F 2-2: Strikes out swinging
|
Top of the 1st over - 2 run(s), 2 hit(s), 1 error(s), 1 left on base; Blueville 2 - Chattanooga 0 |
BOTTOM OF THE 1ST |
Chattanooga Chinpokomon batting - Pitching for Blueville 83's : RHP David Padilla
|
Pitching: RHP David Padilla
|
|
Batting: RHB Ichizo Akiyama
|
0-0: Called Strike 0-1: Swinging Strike 0-2: Strikes out swinging
|
Batting: RHB Luis Antonio Velásquez
|
0-0: Ball 1-0: Ball 2-0: Ball 3-0: Called Strike 3-1: Base on Balls
|
Batting: RHB Pat Fernández
|
0-0: Ball 1-0: Ball 2-0: Called Strike Luis Antonio Velásquez is caught stealing 2nd base 2-1: Ground out 6-3 (Groundball, 6)
|
Bottom of the 1st over - 0 run(s), 0 hit(s), 0 error(s), 0 left on base; Blueville 2 - Chattanooga 0 |
TOP OF THE 2ND |
Blueville 83's batting - Pitching for Chattanooga Chinpokomon : RHP Tomás González
|
Batting: LHB Ron Robinson
|
0-0: Ball 1-0: Ball 2-0: Foul Ball, location: 2F 2-1: SINGLE (Groundball, 34D)
|
Batting: RHB Yoshihide Takahashi
|
0-0: Ball 1-0: Called Strike 1-1: Foul Ball, location: 2F 1-2: Ball 2-2: Fly out, F4 (Popup, 3D)
|
Batting: RHB Fernando Díaz
|
0-0: Called Strike 0-1: Swinging Strike 0-2: Ball 1-2: SINGLE (Line Drive, 56D) Ron Robinson to second
|
Batting: RHB Matt Perkins
|
0-0: Foul Ball, location: 2F 0-1: Ball 1-1: Ball 2-1: Swinging Strike 2-2: Ball 3-2: SINGLE (Flyball, 89S) Ron Robinson to third Fernando Díaz to second
|
Batting: LHB Roberto Trujillo
|
0-0: Fly out, F8 (Flyball, 8LXD) Runner from 3rd tags up, SCORES, no throw
|
Batting: LHB Felipe Cruz
|
0-0: Ball 1-0: Fly out, F8 (Line Drive, 8RXD)
|
Top of the 2nd over - 1 run(s), 3 hit(s), 0 error(s), 2 left on base; Blueville 3 - Chattanooga 0 |
BOTTOM OF THE 2ND |
Chattanooga Chinpokomon batting - Pitching for Blueville 83's : RHP David Padilla
|
Batting: RHB Jesús Tisnado
|
0-0: Called Strike 0-1: Called Strike 0-2: Hit by Pitch
|
Batting: RHB Ramiro Chávez
|
0-0: Ball 1-0: Foul Ball, location: 2F 1-1: Called Strike 1-2: Foul Ball, location: 2F 1-2: Ball 2-2: Foul Ball, location: 2F 2-2: DOUBLE (Flyball, 78XD) Jesús Tisnado to third
|
Batting: RHB Jim Beck
|
0-0: Ball 1-0: Ball 2-0: SINGLE (Groundball, 6MD) Jesús Tisnado scores Ramiro Chávez to third Runner from 3rd tries for Home, throw and OUT!
|
Batting: RHB José Martínez
|
0-0: Grounds into double play, 6-4-3 (Groundball, 6)
|
Bottom of the 2nd over - 1 run(s), 2 hit(s), 0 error(s), 0 left on base; Blueville 3 - Chattanooga 1 |
TOP OF THE 3RD |
Blueville 83's batting - Pitching for Chattanooga Chinpokomon : RHP Tomás González
|
Batting: SHB Tim Reid
|
0-0: Foul Ball, location: 2F 0-1: Foul Ball, location: 2F 0-2: Foul Ball, location: 2F 0-2: Foul Ball, location: 2F 0-2: Strikes out swinging
|
Batting: LHB Ricardo Romero
|
0-0: Ball 1-0: Called Strike 1-1: Ball 2-1: Swinging Strike 2-2: Strikes out swinging
|
Batting: LHB Vincente Sáenz
|
0-0: SINGLE (Groundball, 34) (infield hit)
|
Batting: LHB Ron Robinson
|
0-0: SINGLE (Groundball, 4D) Vincente Sáenz to second Runner from 2nd tries for 3rd, SAFE, throw made to third
|
Batting: RHB Yoshihide Takahashi
|
0-0: Called Strike 0-1: Ball 1-1: Foul Ball, location: 2F 1-2: Foul Ball, location: 2F 1-2: 3-RUN HOME RUN (Flyball, 7D), Distance : 368 ft
|
Batting: RHB Fernando Díaz
|
0-0: Called Strike 0-1: Swinging Strike 0-2: Ground out 5-3 (Groundball, 56S)
|
Top of the 3rd over - 3 run(s), 3 hit(s), 0 error(s), 0 left on base; Blueville 6 - Chattanooga 1 |
BOTTOM OF THE 3RD |
Chattanooga Chinpokomon batting - Pitching for Blueville 83's : RHP David Padilla
|
Batting: RHB Felipe Rego
|
0-0: Ball 1-0: SINGLE (Flyball, 78S)
|
Batting: RHB Kyung-bok Cho
|
0-0: Called Strike 0-1: Ball 1-1: Ball 2-1: Foul Ball, location: 2F 2-2: Ground out 5-3 (Groundball, 56S) Felipe Rego to second
|
Batting: RHB Ichizo Akiyama
|
0-0: Swinging Strike 0-1: Foul Ball, location: 2F 0-2: Strikes out swinging
|
Batting: RHB Luis Antonio Velásquez
|
0-0: Ball 1-0: Called Strike 1-1: Foul Ball, location: 2F 1-2: Ball 2-2: Strikes out swinging
|
Bottom of the 3rd over - 0 run(s), 1 hit(s), 0 error(s), 1 left on base; Blueville 6 - Chattanooga 1 |
TOP OF THE 4TH |
Blueville 83's batting - Pitching for Chattanooga Chinpokomon : RHP Tomás González
|
Batting: RHB Matt Perkins
|
0-0: Ball 1-0: Fly out, F5 (Popup, 5S)
|
Batting: LHB Roberto Trujillo
|
0-0: Ball 1-0: Ball 2-0: Called Strike 2-1: Foul Ball, location: 2F 2-2: Ground out 1-3 (Groundball, P)
|
Batting: LHB Felipe Cruz
|
0-0: Ball 1-0: Foul Ball, location: 2F 1-1: Ball 2-1: Foul Ball, location: 2F 2-2: Foul Ball, location: 2F 2-2: Ball 3-2: Base on Balls
|
Batting: SHB Tim Reid
|
0-0: Ball 1-0: Ball 2-0: Ball 3-0: Called Strike 3-1: Foul Ball, location: 2F 3-2: Foul Ball, location: 2F 3-2: Fly out, F6 (Line Drive, 6M)
|
Top of the 4th over - 0 run(s), 0 hit(s), 0 error(s), 1 left on base; Blueville 6 - Chattanooga 1 |
BOTTOM OF THE 4TH |
Chattanooga Chinpokomon batting - Pitching for Blueville 83's : RHP David Padilla
|
Batting: RHB Pat Fernández
|
0-0: Foul Ball, location: 2F 0-1: Ball 1-1: SINGLE (Groundball, 6MD)
|
Batting: RHB Jesús Tisnado
|
0-0: Called Strike 0-1: Fielders Choice at 2nd, 3-6 (Groundball, 3)
|
Batting: RHB Ramiro Chávez
|
0-0: DOUBLE (Flyball, 78XD) Jesús Tisnado to third Runner from 3rd tries for Home, SAFE, throw made home
|
Batting: RHB Jim Beck
|
0-0: Fly out, F4 (Line Drive, 34) Lined into DP, 4-6 (Line Drive, 34)
|
Bottom of the 4th over - 1 run(s), 2 hit(s), 0 error(s), 0 left on base; Blueville 6 - Chattanooga 2 |
TOP OF THE 5TH |
Blueville 83's batting - Pitching for Chattanooga Chinpokomon : RHP Tomás González
|
Pitching: RHP Carlos Mendoza
|
|
Batting: LHB Ricardo Romero
|
0-0: Swinging Strike 0-1: Foul Ball, location: 2F 0-2: Ball 1-2: Ball 2-2: Strikes out swinging
|
Batting: LHB Vincente Sáenz
|
0-0: Foul Ball, location: 2F 0-1: Ball 1-1: Ball 2-1: Foul Ball, location: 2F 2-2: Ground out 4-3 (Groundball, 4)
|
Batting: LHB Ron Robinson
|
0-0: SINGLE (Groundball, 4) (infield hit)
|
Batting: RHB Yoshihide Takahashi
|
0-0: Foul Ball, location: 2F 0-1: Ball 1-1: Ball 2-1: SINGLE (Flyball, 9LM) Ron Robinson to second Runner from 2nd tries for 3rd, OUT!
|
Top of the 5th over - 0 run(s), 2 hit(s), 0 error(s), 1 left on base; Blueville 6 - Chattanooga 2 |
BOTTOM OF THE 5TH |
Chattanooga Chinpokomon batting - Pitching for Blueville 83's : RHP David Padilla
|
Batting: RHB José Martínez
|
0-0: Ball 1-0: Swinging Strike 1-1: Ball 2-1: Called Strike 2-2: Strikes out looking
|
Batting: RHB Felipe Rego
|
0-0: SINGLE (Flyball, 78S)
|
Batting: RHB Kyung-bok Cho
|
0-0: Swinging Strike 0-1: Foul Ball, location: 2F 0-2: Strikes out looking
|
Batting: RHB Ichizo Akiyama
|
0-0: Swinging Strike 0-1: Called Strike 0-2: Fielders Choice at 2nd, 6-4 (Groundball, 6)
|
Bottom of the 5th over - 0 run(s), 1 hit(s), 0 error(s), 0 left on base; Blueville 6 - Chattanooga 2 |
TOP OF THE 6TH |
Blueville 83's batting - Pitching for Chattanooga Chinpokomon : RHP Carlos Mendoza
|
Batting: RHB Fernando Díaz
|
0-0: Ball 1-0: Ball 2-0: Ground out 5-3 (Groundball, 5S)
|
Batting: RHB Matt Perkins
|
0-0: Foul Ball, location: 2F 0-1: Ball 1-1: Foul Ball, location: 2F 1-2: Ground out 5-3 (Groundball, 56)
|
Batting: LHB Roberto Trujillo
|
0-0: Called Strike 0-1: Ball 1-1: Foul Ball, location: 2F 1-2: Ball 2-2: Ball 3-2: Reached via error on a dropped throw, E3
|
Batting: LHB Felipe Cruz
|
0-0: Foul Ball, location: 2F 0-1: Ball 1-1: Ground out 3-1 (Groundball, 23)
|
Top of the 6th over - 0 run(s), 0 hit(s), 1 error(s), 1 left on base; Blueville 6 - Chattanooga 2 |
BOTTOM OF THE 6TH |
Chattanooga Chinpokomon batting - Pitching for Blueville 83's : RHP David Padilla
|
Batting: RHB Luis Antonio Velásquez
|
0-0: Ball 1-0: Ground out 6-3 (Groundball, 56)
|
Batting: RHB Pat Fernández
|
0-0: SINGLE (Groundball, 6MD)
|
Batting: RHB Jesús Tisnado
|
0-0: Ball 1-0: Ball 2-0: Ball 3-0: Called Strike 3-1: Foul Ball, location: 2F 3-2: Base on Balls Pat Fernández to second
|
Batting: RHB Ramiro Chávez
|
0-0: Ball 1-0: Foul Ball, location: 2F 1-1: Ball 2-1: Called Strike 2-2: Ball 3-2: Strikes out swinging
|
Batting: RHB Jim Beck
|
0-0: Ball 1-0: Ball 2-0: Fly out, F9 (Flyball, 9S)
|
Bottom of the 6th over - 0 run(s), 1 hit(s), 0 error(s), 2 left on base; Blueville 6 - Chattanooga 2 |
TOP OF THE 7TH |
Blueville 83's batting - Pitching for Chattanooga Chinpokomon : RHP Carlos Mendoza
|
Batting: SHB Tim Reid
|
0-0: Ball 1-0: Ground out U3 (Groundball, 34)
|
Batting: LHB Ricardo Romero
|
0-0: Fly out, F8 (Flyball, 8LD)
|
Batting: LHB Vincente Sáenz
|
0-0: Ball 1-0: Called Strike 1-1: Ball 2-1: Foul Ball, location: 2F 2-2: Foul Ball, location: 2F 2-2: SINGLE (Line Drive, 4D)
|
Batting: LHB Ron Robinson
|
0-0: Swinging Strike 0-1: Called Strike 0-2: Foul Ball, location: 2F 0-2: Strikes out swinging
|
Top of the 7th over - 0 run(s), 1 hit(s), 0 error(s), 1 left on base; Blueville 6 - Chattanooga 2 |
BOTTOM OF THE 7TH |
Chattanooga Chinpokomon batting - Pitching for Blueville 83's : RHP David Padilla
|
Batting: RHB José Martínez
|
0-0: Ball 1-0: Foul Ball, location: 2F 1-1: Called Strike 1-2: Strikes out looking
|
Batting: RHB Felipe Rego
|
0-0: Ball 1-0: Called Strike 1-1: Ball 2-1: Ground out 5-3 (Groundball, 56)
|
Batting: RHB Kyung-bok Cho
|
0-0: Foul Ball, location: 2F 0-1: Ball 1-1: Ball 2-1: SINGLE (Groundball, 3D)
|
Pitching: RHP José Ruíz
|
|
Batting: RHB Ichizo Akiyama
|
0-0: Ball 1-0: Called Strike 1-1: Ground out 5-3 (Groundball, 5S)
|
Bottom of the 7th over - 0 run(s), 1 hit(s), 0 error(s), 1 left on base; Blueville 6 - Chattanooga 2 |
TOP OF THE 8TH |
Blueville 83's batting - Pitching for Chattanooga Chinpokomon : RHP Carlos Mendoza
|
Batting: RHB Yoshihide Takahashi
|
0-0: Called Strike 0-1: SOLO HOME RUN (Flyball, 7D), Distance : 387 ft
|
Batting: RHB Fernando Díaz
|
0-0: Ball 1-0: Called Strike 1-1: Foul Ball, location: 2F 1-2: Ground out 4-3 (Groundball, 4M)
|
Batting: RHB Matt Perkins
|
0-0: Ball 1-0: SOLO HOME RUN (Flyball, 7D), Distance : 366 ft
|
Pitching: LHP Esteban Santos
|
|
Batting: LHB Roberto Trujillo
|
0-0: Ball 1-0: Called Strike 1-1: Foul Ball, location: 2F 1-2: Ball 2-2: Ball 3-2: Foul Ball, location: 2F 3-2: Foul Ball, location: 2F 3-2: Fly out, F9 (Flyball, 89D)
|
Batting: LHB Felipe Cruz
|
0-0: Ball 1-0: Swinging Strike 1-1: Ball 2-1: Foul Ball, location: 2F 2-2: Foul Ball, location: 2F 2-2: Ball 3-2: Strikes out looking
|
Top of the 8th over - 2 run(s), 2 hit(s), 0 error(s), 0 left on base; Blueville 8 - Chattanooga 2 |
BOTTOM OF THE 8TH |
Chattanooga Chinpokomon batting - Pitching for Blueville 83's : RHP José Ruíz
|
Batting: RHB Luis Antonio Velásquez
|
0-0: Ball 1-0: SINGLE (Line Drive, 4MD)
|
Batting: RHB Pat Fernández
|
0-0: Ball 1-0: Ball 2-0: Grounds into double play, 1-6-3 (Groundball, 13)
|
Batting: RHB Jesús Tisnado
|
0-0: Called Strike 0-1: SINGLE (Groundball, 34D)
|
Batting: RHB Ramiro Chávez
|
0-0: Ball 1-0: Ball 2-0: Called Strike 2-1: Swinging Strike 2-2: Foul Ball, location: 2F 2-2: Strikes out swinging
|
Bottom of the 8th over - 0 run(s), 2 hit(s), 0 error(s), 1 left on base; Blueville 8 - Chattanooga 2 |
TOP OF THE 9TH |
Blueville 83's batting - Pitching for Chattanooga Chinpokomon : LHP Esteban Santos
|
Batting: SHB Tim Reid
|
0-0: Ball 1-0: Ball 2-0: Called Strike 2-1: Swinging Strike 2-2: Strikes out swinging
|
Batting: LHB Ricardo Romero
|
0-0: Foul Ball, location: 2F 0-1: Swinging Strike 0-2: Foul Ball, location: 2F 0-2: Strikes out swinging
|
Batting: LHB Vincente Sáenz
|
0-0: Ball 1-0: Swinging Strike 1-1: Ball 2-1: Foul Ball, location: 2F 2-2: Ball 3-2: Strikes out looking
|
Top of the 9th over - 0 run(s), 0 hit(s), 0 error(s), 0 left on base; Blueville 8 - Chattanooga 2 |
BOTTOM OF THE 9TH |
Chattanooga Chinpokomon batting - Pitching for Blueville 83's : RHP José Ruíz
|
Batting: RHB Jim Beck
|
0-0: Ball 1-0: Ball 2-0: Called Strike 2-1: Foul Ball, location: 2F 2-2: Ball 3-2: Base on Balls
|
Batting: RHB José Martínez
|
0-0: Ball 1-0: Ball 2-0: Foul Ball, location: 2F 2-1: Grounds into double play, 5-4-3 (Groundball, 5L)
|
Batting: RHB Felipe Rego
|
0-0: Ball 1-0: Foul Ball, location: 2F 1-1: Ball 2-1: SINGLE (Groundball, 6D)
|
Batting: RHB Kyung-bok Cho
|
0-0: Swinging Strike Passed Ball! Felipe Rego to second 0-1: Ball 1-1: Ball 2-1: Ground out 5-3 (Groundball, 56S)
|
Bottom of the 9th over - 0 run(s), 1 hit(s), 0 error(s), 1 left on base; Blueville 8 - Chattanooga 2 |
|